 Dungeon Crawl Stone Soup version 0.25-a0-96-g4073cf80fb (webtiles) character file.

Game seed: 17704813181154216902, levelgen mode: deterministic

102 MirrMurr the Sneak (level 4, -10/21 HPs)
             Began as a Spriggan Enchanter on Nov 12, 2019.
             Killed by divine providence
             ... invoked by an orc priest
              (16 damage)
             ... on level 3 of the Dungeon.
             The game lasted 00:04:52 (2991 turns).

MirrMurr the Sneak (Spriggan Enchanter)             Turns: 2991, Time: 00:04:52

Health: -10/21     AC:  2    Str:  5    XL:     4   Next: 50%
Magic:  9/9        EV: 18    Int: 16    God:
Gold:   122        SH:  0    Dex: 16    Spells: 2/8 levels left

rFire    . . .     SeeInvis +   a - +1 dagger
rCold    . . .     Gourm    .   (shield restricted)
rNeg     . . .     Faith    .   b - +0 robe
rPois    .         Spirit   .   (helmet restricted)
rElec    .         Reflect  .   (no cloak)
rCorr    .         Harm     .   (gloves unavailable)
MR       .....                  (boots unavailable)
Stlth    +++.......             (no amulet)
HPRegen  0.07/turn              (no ring)
MPRegen  0.11/turn              (no ring)

@: very quick
A: very small, unfitting armour, see invisible, herbivore, speed 3, slow
metabolism 2
a: no special abilities


You were on level 3 of the Dungeon.
You were not hungry.

You visited 1 branch of the dungeon, and saw 3 of its levels.

You collected 122 gold pieces.

Inventory:

Hand Weapons
 a - a +1 dagger (weapon)
 n - a +1 dagger of venom
Missiles
 d - 53 stones (quivered)
 k - 15 sling bullets
Armour
 b - a +0 robe (worn)
Jewellery
 l - a cursed ring of teleportation {unknown}
Scrolls
 c - a scroll of fog {unknown}
 h - 3 scrolls of identify {unknown}
 j - 2 scrolls of remove curse {unknown}
 m - a scroll of random uselessness {unknown}
Potions
 e - a potion of cancellation {unknown}
 f - a potion of might {unknown}
 g - 2 potions of lignification {unknown}
 i - 2 potions of agility {unknown}
 o - a potion of haste {unknown}
Comestibles
 p - a ration


   Skills:
 + Level 3.5 Short Blades
 - Level 3.0 Dodging
 + Level 6.6 Stealth
 - Level 2.6 Spellcasting
 - Level 3.6 Hexes


You had 2 spell levels left.
You knew the following spells:

 Your Spells              Type           Power        Failure   Level  Hunger
a - Ensorcelled Hibernat  Hex/Ice        #.....       14%         2    ##.....
b - Confuse               Hex            ##......     13%         3    ###....
C - Corona                Hex            ##.....      4%          1    #......

Your spell library contained the following spells:

 Spells                   Type           Power        Failure   Level  Hunger
 Tukima's Dance           Hex            ##......     13%         3    ###....
 Dazzling Spray           Conj/Hex       #.....       28%         3    ###....


Dungeon Overview and Level Annotations

Branches:
Dungeon (3/15)

Altars:
Sif Muna


Innate Abilities, Weirdness & Mutations

You are very small and have problems with some larger weapons.
You are too small for most types of armour.
You have supernaturally acute eyesight. (SInv)
You are a herbivore.
You cover ground extremely quickly.
You need to consume almost no food.


Message History

No target in view!
The orc is too close now for your liking.
An orc comes into view. It is wielding a +0 trident.
The orc shouts! x2; You hear a shout! x2; You hear an angry hiss.
An orc priest comes into view. It is wielding a +0 hand axe.
The orc hits you but does no damage.
You barely miss the orc. The orc barely misses you.
You hit the orc.
The orc is lightly wounded.
An orc comes into view. It is wielding a +0 short sword.
The orc misses you.
The orc priest calls down the wrath of Beogh upon you.
Beogh smites you!
Ouch! That really hurt!
* * * LOW HITPOINT WARNING * * *
You hear a shout!
You hear an angry hiss.
The orc priest mumbles some strange prayers to Beogh against you.
Beogh smites you!
Ouch! That really hurt!
You die...

......†<.....#
#.#.###.###.##
#.#.#..†..#.#
#.#.#.#.#.#.#
#.#.#.#.#.#.#
#.#.#.#...#.#
#.#.#.#####.##
#.######.#.#........#
#.o.o.o.o..@..#######
########.#.##.#
#.#.##.#
#######.#.##.#
.............#
######.#.#### #.#.#
#.#.# #.#.#


You could see an orc priest and 2 orcs.

Vanquished Creatures
  3 gnolls (D:2)
  An adder (D:2)
  2 worms (D:2)
  3 dart slugs
  5 leopard geckos (D:1)
  8 bats
  A giant cockroach (D:2)
  5 goblins
  3 hobgoblins (D:1)
  5 jackals
  A quokka (D:2)
  2 ball pythons
  3 kobolds
  6 rats
48 creatures vanquished.

Notes
Turn   | Place    | Note
-------+----------+-------------------------------------------
     0 | D:1      | MirrMurr the Spriggan Enchanter began the quest for the
                  | Orb.
     0 | D:1      | Reached XP level 1. HP: 9/9 MP: 5/5
   543 | D:1      | Reached skill level 5 in Stealth
   543 | D:1      | Reached XP level 2. HP: 13/13 MP: 6/6
   553 | D:1      | Learned a level 2 spell: Ensorcelled Hibernation
  1247 | D:1      | Reached XP level 3. HP: 15/16 MP: 5/8
  1252 | D:1      | Learned a level 3 spell: Confuse
  1871 | D:2      | Reached skill level 6 in Stealth
  2025 | D:2      | Reached XP level 4. HP: 21/21 MP: 9/9
  2029 | D:2      | Found a shimmering blue altar of Sif Muna.
  2991 | D:3      | Killed from afar by an orc priest

Levels and vault maps discovered:
D:1:      matt_arrival_diagonals, layout_basic, chequers_arboretum,
          minmay_split_cup_large
D:2:      layout_basic, marbit_many_paths
D:3:      layout_basic, portal_sewer_entry_e, first_ration, uniq_ijyb

Skill      XL: |  1  2  3 |
---------------+----------+-----
Stealth        | 5 6 |  6.6
Short Blades   | 2 3 |  3.5
Dodging        | |  3.0
Spellcasting   | |  2.6
Hexes          | |  3.6

Action                   |  1- 3 |  4- 6 || total
-------------------------+-------+-------++-------
Melee: Dagger            |   171 |    32 ||   203
 Cast: Ensorcelled Hiber |     7 |    10 ||    17
 Stab: Sleeping          |    13 |     4 ||    17
  Eat: Ration            |       |     1 ||     1
Armor: Robe              |    29 |     1 ||    30
Dodge: Dodged            |   166 |    20 ||   186

Table legend:
 A = Non-vault XP
 B = Vault XP
 C = Vault XP percentage of total XP
 D = Non-vault monster count
 E = Vault monster count
 F = Vault count percentage of total count
                 A         B        C        D         E       F
            +---------+---------+-------+---------+---------+-------
      Total |     135 |      12 |   8.2 |      43 |       5 |  10.4
            +---------+---------+-------+---------+---------+-------
        D:1 |      45 |       8 |  15.1 |      24 |       4 |  14.3
        D:2 |      88 |       4 |   4.3 |      17 |       1 |   5.6
        D:3 |       2 |       0 |   0.0 |       2 |       0 |   0.0
            +---------+---------+-------+---------+---------+-------
